 Dungeon Crawl Stone Soup version 0.22.1-1-ga44c0e56f4 (webtiles) character file.

275535 Gunterle the Warrior (level 19, -3/162 HPs)
             Began as a Mummy Fighter on Sept 26, 2018.
             Was an Initiate of Gozag.
             Slain by a tarantella (4 damage)
             ... on level 4 of the Spider Nest on Sept 27, 2018.
             The game lasted 04:54:14 (65622 turns).

Gunterle the Warrior (Mummy Fighter)               Turns: 65622, Time: 04:54:14

Health: -3/162     AC: 31    Str: 25 (26) XL:     19   Next: 94%
Magic:  0/22       EV:  7    Int:  8 (9)  God:    Gozag
Gold:   1196       SH:  0    Dex: 10 (11) Spells: 16/18 levels left

rFire    x . .     SeeInvis +   m - +6 scimitar (elec)
rCold    + . .     Gourm    .   E - +4 shield {reflect}
rNeg     + + +     Faith    .   M - +4 plate armour of the Queen {MR+}
rPois    ∞         Spirit   +   (no helmet)
rElec    .         Reflect  +   o - +2 cloak {+Inv}
rCorr    .         Harm     .   O - +2 pair of gloves
MR       ++++.                  q - +1 pair of boots
Stlth    ..........             J - amulet of guardian spirit
HPRegen  0.37/turn              k - ring of see invisible
MPRegen  0.18/turn              p - ring of protection from magic

@: confused, gold aura
A: no food or potions, fire vulnerability, cold resistance 1, negative energy
resistance 3, torment resistance, unbreathing, in touch with death 1
}: 1/15 runes: barnacled
a: Potion Petition, Call Merchant, Bribe Branch, Renounce Religion, Evoke
Invisibility


You were on level 4 of the Spider Nest.
You worshipped Gozag.
Gozag was most pleased with you.
You were not hungry.

You visited 7 branches of the dungeon, and saw 36 of its levels.
You visited 1 bazaar.
You also visited: Ice Cave.

You collected 15246 gold pieces.
You spent 2697 gold pieces at shops.
You paid 11353 gold pieces to Gozag.

Inventory:

Hand Weapons
 a - the +8 rapier of Untimely Demise {pierce, Int+3 Dex+3}
   (You bought it in a shop on level 11 of the Dungeon)

   It inflicts extra damage upon your enemies.
   It affects your intelligence (+3).
   It affects your dexterity (+3).
 g - a +8 hand crossbow of flaming
 m - a +6 scimitar of electrocution (weapon)
 r - the +3 hand crossbow of Obruseant {venom, rN+ MP+9}
   (You acquired it on level 2 of the Vaults)

   It poisons the ammo it fires.
   It protects you from negative energy.
   It affects your magic capacity (+9).
 R - a +2 vampiric spear
Missiles
 U - 757 bolts
Armour
 c - the +0 helmet of Valour {rElec rC- Int+6}
   (You found it on level 4 of the Shoals)

   It affects your intelligence (+6).
   It makes you vulnerable to cold.
   It insulates you from electricity.
 o - a +2 cloak of invisibility (worn)
 q - a +1 pair of boots (worn)
 B - a +2 plate armour of fire resistance
 E - a +4 shield of reflection (worn)
 M - the +4 plate armour of the Queen (worn) {MR+}
   (You bought it in a shop on level 11 of the Dungeon)

   It affects your resistance to hostile enchantments.
 O - a +2 pair of gloves (worn)
Jewellery
 k - a ring of see invisible (left hand)
 p - a ring of protection from magic (right hand)
 s - an uncursed ring of protection from fire
 u - an uncursed amulet of the acrobat
 v - an uncursed ring of flight
 w - an uncursed ring of protection from fire
 x - the ring of Greater Demons {rCorr rElec MR+ Slay-5}
   (You found it on level 15 of the Dungeon)

   [ring of resist corrosion]

   It affects your accuracy and damage with ranged weapons and melee attacks
   (-5).
   It insulates you from electricity.
   It affects your resistance to hostile enchantments.
 A - the ring "Urcheijou" {rCorr Dex+6}
   (You bought it in a shop on level 11 of the Dungeon)

   [ring of resist corrosion]

   It affects your dexterity (+6).
 J - an amulet of guardian spirit (around neck)
 T - an uncursed ring of protection from cold
Wands
 d - a wand of disintegration (15)
 i - a wand of flame (86)
 n - a wand of iceblast (17)
 S - a wand of digging (26)
 V - a wand of scattershot (4)
 Y - a wand of acid (6)
Scrolls
 b - a scroll of amnesia
 e - 4 scrolls of blinking
 f - 2 scrolls of holy word
 h - a scroll of magic mapping
 j - 12 scrolls of remove curse
 l - 11 scrolls of identify
 t - 4 scrolls of fog
 z - 4 scrolls of fear
 F - 6 scrolls of teleportation
 K - 5 scrolls of immolation
 L - 2 scrolls of silence
 Q - 3 scrolls of summoning
Miscellaneous
 G - a phantom mirror
 W - a fan of gales
 Z - a lightning rod (4/4)


   Skills:
 + Level 17.6 Fighting
 - Level 14.5 Long Blades
 - Level 10.8 Crossbows
 + Level 15.3 Armour
 * Level 13.2 Shields
 - Level 0.2 Charms
 + Level 4.2 Evocations


You had 16 spell levels left.
You knew the following spells:

 Your Spells              Type           Power        Failure   Level  Hunger
a - Swiftness             Chrm/Air       #.......     99%         2    N/A

Your spell library contained the following spells:

 Spells                   Type           Power        Failure   Level  Hunger
 Confusing Touch          Hex            #.....       98%         1    N/A
 Flame Tongue             Conj/Fire      #....        98%         1    N/A
 Magic Dart               Conj           #...         98%         1    N/A
 Shock                    Conj/Air       #...         98%         1    N/A
 Summon Small Mammal      Summ           #...         98%         1    N/A
 Blink                    Tloc           N/A          99%         2    N/A
 Call Imp                 Summ           #.......     99%         2    N/A
 Poisonous Vapours        Pois/Air       #.....       99%         2    N/A
 Slow                     Hex            #.......     99%         2    N/A
 Throw Flame              Conj/Fire      #.....       99%         2    N/A
 Call Canine Familiar     Summ           #.......     100%        3    N/A
 Confuse                  Hex            #.......     100%        3    N/A
 Conjure Flame            Conj/Fire      #.......     100%        3    N/A
 Gell's Gravitas          Tloc           #.........   100%        3    N/A
 Inner Flame              Hex/Fire       #.......     100%        3    N/A
 Mephitic Cloud           Conj/Pois/Air  #.......     100%        3    N/A
 Static Discharge         Conj/Air       #.......     100%        3    N/A
 Summon Guardian Golem    Hex/Summ       #.......     100%        3    N/A
 Airstrike                Air            #.........   100%        4    N/A
 Cause Fear               Hex            #.........   100%        4    N/A
 Petrify                  Tmut/Erth      #.......     100%        4    N/A
 Sticky Flame             Conj/Fire      #.......     100%        4    N/A
 Summon Ice Beast         Ice/Summ       #.......     100%        4    N/A
 Summon Lightning Spire   Summ/Air       #.......     100%        4    N/A
 Fireball                 Conj/Fire      #.........   100%        5    N/A
 Lightning Bolt           Conj/Air       #.........   100%        5    N/A
 Metabolic Englaciation   Hex/Ice        #.........   100%        5    N/A
 Silence                  Hex/Air        #.........   100%        5    N/A
 Yara's Violent Unravell  Hex/Tmut       #.........   100%        5    N/A
 Bolt of Fire             Conj/Fire      #.........   100%        6    N/A
 Conjure Ball Lightning   Conj/Air       #.........   100%        6    N/A
 Deflect Missiles         Chrm/Air       #.........   100%        6    N/A
 Freezing Cloud           Conj/Ice/Air   #.........   100%        6    N/A
 Ring of Flames           Chrm/Fire      #.........   100%        7    N/A
 Dragon's Call            Summ           #.........   100%        9    N/A
 Tornado                  Air            #.........   100%        9    N/A
 Dragon Form              Tmut           Unusable     N/A         7    N/A

Dungeon Overview and Level Annotations

Branches:
Dungeon (15/15)            Temple (1/1) D:7            Lair (6/6) D:11
 Shoals (4/4) Lair:4       Spider (4/4) Lair:4        Slime (0/5) Lair:5
    Orc (2/2) D:11            Elf (0/3) Orc:2        Vaults (4/5) D:13
  Crypt (0/3) Vaults:2     Depths (0/5) D:15

Altars:
Ashenzari
Cheibriados
Dithmenos
Elyvilon
Fedhas
Gozag
Hepliaklqana
Kikubaaqudgha
Makhleb
Nemelex Xobeh
Okawaru
Qazlal
Ru
Sif Muna
Trog
Uskayaw
Vehumet
Wu Jian
Xom
Yredelemnul
Zin
The Shining One
Beogh

Shops:
D:11 =((((*=[[   Orc:2 =}[=?   Shoals:2 :   Vaults:4 :

Annotations:
Spider:1 1 runed door, vlindergert's ghost, adept MiFi
Spider:3 1 runed door, Muraeff's ghost, journeyman GrBe
Orc:2 Donald
Vaults:3 3 runed doors, Lumiruc's ghost, adept MfBe


Innate Abilities, Weirdness & Mutations

You do not eat or drink.
Your flesh is vulnerable to fire.
You are immune to poison.
Your flesh is cold resistant. (rC+)
You are immune to negative energy. (rN+++)
You are immune to unholy pain and torment.
You can survive without breathing.
You are in touch with the powers of death.


Message History

The tarantella barely misses you.
The redback bites you but does no damage.
The tarantella bites you but does no damage.
The tarantella bites you!
* * * LOW HITPOINT WARNING * * *
You are more confused.
The jumping spider pounces on you but does no damage.
The jumping spider bites you but does no damage.
You're too confused to move!
The redback bites you!
* * * LOW HITPOINT WARNING * * *
The tarantella bites you!
* * * LOW HITPOINT WARNING * * *
You are more confused.
The jumping spider pounces on you but does no damage.
The jumping spider bites you but does no damage.
The tarantella bites you!
* * * LOW HITPOINT WARNING * * *
The redback barely misses you. The tarantella bites you.
You die...
Your body crumbles into a pile of gold.

.#..#.#..#...#...#.#...........#
....#.###....#...#.#.#...# .#..#
..#......................###...#
...<($.^....#.........##.......#
.....#^#.....##...##...# #.<.#
.... #(....#.s.........#. #...#
## #....##..#......#..... #...#
.............##s.#...#.. ....#
.......#..#..s@s...#.##..##.^#
.#...#.#.....ss....#..... ...#
s.#...................... ...#
.................... ...#
###################


You could see a demonic crawler, a jumping spider, 2 tarantellas and a redback.

Vanquished Creatures
  Arachne (Spider:1)
  A tentacled monstrosity (Vaults:2)
  Asterion (Spider:1)
  A kraken (Shoals:4)
  A sphinx (Vaults:2)
  3 frost giants
  9 vault wardens
  4 fire giants
  3 deep elf sorcerers (Vaults:2)
  2 ghost moths
  An emperor scorpion (Spider:3)
  An orc warlord (Vaults:4)
  Louise (Spider:1)
  10 ironheart preservers
  3 stone giants
  2 entropy weavers
  A very ugly thing (Vaults:2)
  A war gargoyle (Vaults:3)
  A deep elf demonologist (D:13)
  Nessos (D:13)
  A deep elf annihilator (Vaults:3)
  6 dire elephants (Lair:6)
  A minotaur (Vaults:3)
  An eidolon (Vaults:2)
  9 merfolk impalers
  A crystal guardian (Vaults:4)
  A merfolk javelineer (Vaults:3)
  9 yaktaur captains
  A fire dragon (Vaults:4)
  5 hydras
  2 rakshasas
  4 ice dragons
  15 vault guards
  A naga warrior (Vaults:3)
  An alligator snapping turtle (Shoals:4)
  3 merfolk aquamancers
  5 ogre magi
  5 merfolk avatars
  2 death knights
  5 centaur warriors
  An anaconda (Lair:6)
  19 two-headed ogres
  4 orc high priests
  3 tengu warriors
  2 vampire magi (Vaults:2)
  4 deep troll earth magi
  A deep elf knight (Vaults:2)
  9 unseen horrors
  A shadow wraith (Vaults:4)
  8 wizards
  7 sea snakes
  7 deep elf archers
  12 deep trolls
  2 phantasmal warriors (D:10)
  2 unseen horrors (shapeshifter)
  10 orc knights
  3 necromancers
  11 harpies
  17 ironbrand convokers
  10 orb spiders
  A lindwurm (Lair:4)
  42 ugly things
  7 deep elf magi
  24 wolf spiders
  An orc sorcerer (Orc:1)
  14 manticores
  2 ice statues (IceCv)
  6 cyclopes
  8 fauns
  17 elephants
  A guardian serpent (shapeshifter) (Vaults:1)
  3 black mambas
  5 centaur zombies
  An eye of devastation (shapeshifter) (Vaults:2)
  7 merfolk sirens
  A torpor snail (Spider:3)
  8 spiny frogs
  7 vault sentinels
  2 water nymphs
  2 kobold demonologists
  3 komodo dragons
  24 yaktaurs
  3 rime drakes
  11 demonic crawlers
  2 freezing wraiths
  27 merfolk
  6 trolls
  4 tyrant leeches (Spider:3)
  2 human skeletons (Vaults:4)
  5 hornets
  26 slime creatures
  8 wind drakes
  13 blink frogs
  A wolf spider simulacrum (Vaults:1)
  A meliai zombie (D:12)
  23 jumping spiders
  A harpy skeleton (D:15)
  12 hippogriffs
  5 dream sheep
  11 snapping turtles
  A flying skull (Vaults:2)
  54 redbacks
  A shadow (D:14)
  A tarantella (shapeshifter) (Vaults:3)
  5 water elementals
  27 tarantellas
  2 vampires
  3 wyverns
  A basilisk (Lair:1)
  37 yaks
  4 wraiths
  2 hungry ghosts
  The ghost of philipeq the Skirmisher, an amateur FoMo (D:8)
  6 wargs
  4 vampire mosquitoes (D:14)
  A human simulacrum (Vaults:2)
  11 water moccasins
  4 acid dragons
  Duvessa (D:6)
  5 porcupines
  33 orc warriors
  4 human zombies
  26 ice beasts
  2 phantoms
  An ettin simulacrum (Vaults:4)
  4 black bears
  A sky beast (D:7)
  22 ogres
  A necrophage (D:13)
  6 boggarts
  20 centaurs
  A wolf (Lair:3)
  13 crocodiles
  2 big kobolds
  16 bullfrogs
  4 earth elementals (Spider:3)
  2 gnoll sergeants (D:11)
  5 scorpions
  Dowan (D:6)
  5 killer bees (D:10)
  21 wights
  A howler monkey (D:3)
  2 electric eels
  8 crimson imps
  2 bullfrog zombies
  7 jellies
  3 quasits
  9 hounds
  25 orc wizards
  41 orc priests
  8 centaur skeletons
  7 iguanas
  13 worker ants
  A hound skeleton (D:11)
  16 gnolls
  6 adders
  2 shadow imps
  2 adder zombies
  An adder skeleton (D:7)
  3 worms
  3 dart slugs
  6 leopard geckos
  82 orcs
  3 bats (D:3)
  3 giant cockroaches
  21 jackals
  12 kobolds
  4 quokkas
  A ball python (D:2)
  3 frilled lizards
  3 goblins
  A jackal skeleton (D:5)
  2 quokka skeletons
  8 rats
  2 plants
  3 tentacles (Shoals:4)
1281 creatures vanquished.

Vanquished Creatures (collateral kills)
  Donald (Orc:2)
  2 merfolk impalers (Shoals:1)
  A merfolk avatar (Shoals:1)
  An orc (Orc:1)
5 creatures vanquished.

Vanquished Creatures (others)
  2 merfolk javelineers
  A satyr (Shoals:2)
  A centaur warrior (Vaults:4)
  An orc knight (Orc:1)
  A wolf spider (Spider:2)
  An ironbrand convoker (Vaults:2)
  A cyclops (Vaults:2)
  A demonic crawler (Spider:2)
  3 yaktaurs
  A merfolk (Shoals:3)
  A troll (Orc:1)
  A yak (Lair:2)
  3 centaurs
  An orc wizard (D:13)
  8 fungi
  6 plants (Lair:6)
  17 tentacles (Shoals:4)
50 creatures vanquished.

Grand Total: 1336 creatures vanquished

Notes
Turn   | Place    | Note
-------+----------+-------------------------------------------
     0 | D:1      | Gunterle the Mummy Fighter began the quest for the Orb.
     0 | D:1      | Reached XP level 1. HP: 18/18 MP: 1/1
   528 | D:1      | Reached XP level 2. HP: 23/24 MP: 2/2
   934 | D:2      | Reached XP level 3. HP: 29/29 MP: 3/3
  1444 | D:3      | Reached XP level 4. HP: 35/35 MP: 4/4
  1533 | D:3      | You fall through a shaft!
  2018 | D:3      | Found a radiant altar of Vehumet.
  2377 | D:4      | Reached XP level 5. HP: 42/42 MP: 5/5
  2608 | D:3      | Reached skill level 4 in Fighting
  3071 | D:4      | Noticed a black bear
  3094 | D:4      | Killed a black bear
  3094 | D:4      | Reached XP level 6. HP: 5/49 MP: 6/6
  3499 | D:5      | Entered Level 5 of the Dungeon
  3570 | D:5      | Noticed a water moccasin
  3585 | D:4      | Killed a water moccasin
  3655 | D:5      | Reached XP level 7. HP: 55/55 MP: 7/7
  3941 | D:5      | Found an opulent altar of Gozag.
  3956 | D:5      | Became a worshipper of Gozag Ym Sagoz the Greedy
  4054 | D:5      | Reached skill level 5 in Fighting
  4054 | D:5      | Reached skill level 5 in Long Blades
  4390 | D:5      | Found an ornate altar of the Wu Jian Council.
  4963 | D:6      | Noticed Duvessa
  4965 | D:6      | Noticed Dowan
  5102 | D:6      | Found a snail-covered altar of Cheibriados.
  5138 | D:6      | Reached XP level 8. HP: 49/63 MP: 8/8
  5239 | D:6      | Killed Dowan
  5250 | D:6      | Killed Duvessa
  6082 | D:6      | Reached skill level 6 in Fighting
  6252 | D:7      | Reached skill level 5 in Armour
  6607 | D:7      | Found a staircase to the Ecumenical Temple.
  6659 | D:7      | Reached XP level 9. HP: 65/71 MP: 9/9
  6669 | Temple   | Entered the Ecumenical Temple
  6974 | D:7      | Found an opulent altar of Gozag.
  7339 | D:7      | Found a basalt altar of Yredelemnul.
  7568 | D:7      | Reached skill level 7 in Fighting
  7686 | D:8      | Found a hazy altar of Hepliaklqana.
  7703 | D:8      | Found a radiant altar of Vehumet.
  8439 | D:8      | Found a transporter.
  8439 | D:8      | Noticed a five-headed hydra
  8455 | D:8      | Noticed philipeq's ghost (amateur FoMo)
  8457 | D:8      | Found a transporter.
  8970 | D:9      | Reached XP level 10. HP: 67/80 MP: 10/10
  8982 | D:9      | Reached skill level 8 in Fighting
  9249 | D:8      | HP: 3/80 [yak (12)]
  9998 | D:9      | Found a shimmering altar of Xom.
  9999 | D:9      | Found an opulent altar of Gozag.
 10803 | D:10     | Entered Level 10 of the Dungeon
 11631 | D:11     | Found a staircase to the Orcish Mines.
 11659 | D:11     | Found a flickering gateway to a bazaar.
 11665 | Bazaar   | Entered a bazaar
 11685 | Bazaar   | Found Huhah's Book Shop.
 11685 | Bazaar   | Found Leurruf's Book Boutique.
 11731 | Bazaar   | Found Acu Qadoss's Food Boutique.
 11731 | Bazaar   | Found Mier's Book Shop.
 11810 | D:11     | Killed an unseen horror
 11810 | D:11     | Reached skill level 10 in Long Blades
 11892 | D:11     | Reached skill level 9 in Fighting
 11911 | D:11     | Noticed a death knight
 11915 | D:11     | Noticed a phantasmal warrior
 11932 | D:10     | Killed a death knight
 11932 | D:10     | Reached XP level 11. HP: 18/89 MP: 11/11
 12237 | D:11     | Noticed a phantasmal warrior
 12250 | D:10     | Killed a phantasmal warrior
 12999 | D:10     | Killed a phantasmal warrior
 13354 | D:11     | Found a staircase to the Lair.
 13397 | D:11     | Found a shadowy altar of Dithmenos.
 13593 | D:11     | Noticed a green ugly thing
 13609 | D:11     | Killed a green ugly thing
 13787 | D:11     | Noticed a tengu warrior
 13797 | D:11     | Killed a tengu warrior
 14296 | D:11     | Found a roughly hewn altar of Beogh.
 15454 | D:12     | Reached skill level 10 in Fighting
 16408 | D:12     | Identified a scroll of acquirement
 16505 | D:12     | Killed an unseen horror
 16654 | D:12     | Noticed a white ugly thing
 17332 | D:12     | Reached XP level 12. HP: 87/98 MP: 12/12
 17577 | D:11     | Bought the ring "Urcheijou" {rCorr Dex+6} for 514 gold
                  | pieces
 17580 | Orc:1    | Entered Level 1 of the Orcish Mines
 17866 | Orc:1    | Found a roughly hewn altar of Beogh.
 18512 | Orc:2    | Entered Level 2 of the Orcish Mines
 18603 | Orc:2    | Noticed an orc high priest
 18828 | Orc:2    | Noticed an orc high priest
 18842 | Orc:1    | Killed an orc high priest
 19032 | Orc:1    | Killed an orc high priest
 19042 | Orc:2    | Noticed an orc high priest
 19585 | Orc:2    | Noticed Donald
 19869 | Orc:2    | HP: 1/99 [Donald/scimitar of electrocution (13)]
 19870 | Orc:2    | Killed Donald
 20458 | Orc:2    | Found a staircase to the Elven Halls.
 20468 | Orc:2    | Found Neykax's Magic Scroll Boutique.
 20481 | Orc:2    | Bought a scroll of teleportation for 48 gold pieces
 20481 | Orc:2    | Bought a scroll of fog for 32 gold pieces
 20838 | Orc:2    | Found Fyxir's Jewellery Shoppe.
 20838 | Orc:2    | Found Kuitseck's Jewellery Emporium.
 20838 | Orc:2    | Found Tablojy's Gadget Emporium.
 20842 | Orc:2    | Found Oxeeneum's Armour Shoppe.
 20857 | Orc:2    | Noticed an orc high priest
 20884 | Orc:2    | Reached skill level 11 in Fighting
 20933 | Orc:2    | Killed an orc high priest
 20984 | Orc:2    | Killed an orc high priest
 21557 | Lair:1   | Entered Level 1 of the Lair of Beasts
 22966 | Lair:2   | Gained mutation: You are in touch with the powers of death.
                  | [Mummy growth]
 22966 | Lair:2   | Reached XP level 13. HP: 106/106 MP: 13/13
 24247 | D:13     | Reached skill level 10 in Armour
 24559 | D:13     | Noticed Nessos
 24576 | D:13     | Killed Nessos
 25308 | Lair:4   | Found a staircase to the Shoals.
 25393 | Lair:4   | Found a frozen archway.
 25439 | IceCv    | Entered an ice cave
 25730 | IceCv    | Reached skill level 12 in Fighting
 26991 | D:11     | Bought a +4 hand crossbow of flaming for 396 gold pieces
 27698 | D:13     | Found a gate to the Vaults.
 28612 | D:14     | Reached XP level 14. HP: 116/116 MP: 14/14
 28921 | D:14     | Reached skill level 1 in Crossbows
 29070 | D:14     | Found a shimmering altar of Xom.
 29527 | D:15     | Entered Level 15 of the Dungeon
 30346 | D:15     | Got a pitted scimitar
 30347 | D:15     | Identified the cursed +2 scimitar of Inference {drain,
                  | Str-2 Dex+7} (You found it on level 15 of the Dungeon)
 30360 | D:15     | Reached skill level 13 in Fighting
 30383 | D:15     | Paralysed by a wizard for 5 turns
 30481 | D:15     | Found a staircase to the Depths.
 30983 | D:15     | Got a scorched steel ring
 30985 | D:15     | Identified the ring of Greater Demons {rCorr rElec MR+
                  | Slay-5} (You found it on level 15 of the Dungeon)
 31264 | D:11     | Bought a slimy rapier for 315 gold pieces
 31264 | D:11     | Identified the +8 rapier of Untimely Demise {pierce, Int+3
                  | Dex+3} (You bought it in a shop on level 11 of the Dungeon)
 31803 | Lair:4   | Found a hole to the Spider Nest.
 32652 | Lair:5   | Found a staircase to the Slime Pits.
 33301 | Lair:6   | Entered Level 6 of the Lair of Beasts
 33457 | Lair:6   | Reached skill level 5 in Crossbows
 34095 | Lair:6   | Reached XP level 15. HP: 116/124 MP: 12/15
 35073 | Lair:6   | Reached skill level 5 in Shields
 36004 | D:11     | Bought a scroll labeled JIRGHI VANEY for 20 gold pieces
 36004 | D:11     | Bought a scroll of fog for 40 gold pieces
 36004 | D:11     | Bought a glowing plate armour for 520 gold pieces
 36157 | Shoals:1 | Entered Level 1 of the Shoals
 38027 | Shoals:2 | Found Yhusahe's Book Shop.
 38466 | Shoals:3 | Reached skill level 14 in Fighting
 39897 | Shoals:3 | Reached XP level 16. HP: 133/133 MP: 16/16
 39947 | Shoals:4 | Entered Level 4 of the Shoals
 41599 | Shoals:4 | Got a polished helmet
 41600 | Shoals:4 | Identified the +0 helmet of Valour {rElec rC- Int+6} (You
                  | found it on level 4 of the Shoals)
 42836 | Shoals:4 | Noticed a kraken
 42864 | Shoals:4 | HP: 2/134 [tentacle[a kraken] (8)]
 43940 | Shoals:4 | Killed a kraken
 44133 | Shoals:4 | Got a barnacled rune of Zot
 44612 | Vaults:1 | Entered Level 1 of the Vaults
 44670 | Vaults:1 | Noticed an Ice Fiend
 45592 | D:13     | Reached skill level 10 in Crossbows
 46639 | Vaults:1 | Reached skill level 15 in Fighting
 47052 | Vaults:1 | Reached XP level 17. HP: 142/142 MP: 17/17
 49329 | Vaults:2 | Noticed a tentacled monstrosity
 49343 | Vaults:2 | Killed a tentacled monstrosity
 49602 | Vaults:2 | Got a transparent hand crossbow
 49603 | Vaults:2 | Identified the +3 hand crossbow of Obruseant {venom, rN+
                  | MP+9} (You acquired it on level 2 of the Vaults)
 49950 | Vaults:2 | Reached skill level 16 in Fighting
 50460 | Vaults:2 | Paralysed by an ogre mage for 6 turns
 50840 | Vaults:2 | Reached skill level 10 in Shields
 51145 | Vaults:2 | Reached XP level 18. HP: 143/151 MP: 18/18
 51346 | Vaults:2 | Found a staircase to the Crypt.
 53057 | Vaults:3 | Found a runed gate.
 53057 | Vaults:3 | Found a runed gate.
 53058 | Vaults:3 | Found a runed gate.
 53058 | Vaults:3 | Noticed Lumiruc's ghost (adept MfBe)
 53060 | Vaults:3 | Found an iron altar of Okawaru.
 56543 | Vaults:4 | Reached skill level 17 in Fighting
 57600 | Vaults:4 | Reached XP level 19. HP: 161/161 MP: 19/19
 57631 | Vaults:4 | Learned a level 2 spell: Swiftness
 57675 | Vaults:4 | Found Bayn's Book Boutique.
 57986 | Vaults:4 | Reached skill level 1 in Evocations
 59318 | D:8      | Killed philipeq's ghost
 59616 | Spider:1 | Entered Level 1 of the Spider Nest
 59835 | Spider:1 | Reached skill level 15 in Armour
 60422 | Spider:1 | Noticed Louise
 60447 | Spider:1 | Killed Louise
 60837 | Spider:1 | Found a runed door.
 60838 | Spider:1 | Found a shimmering altar of Xom.
 60838 | Spider:1 | Noticed vlindergert's ghost (adept MiFi)
 61168 | D:11     | Bought a dazzling plate armour for 812 gold pieces
 61168 | D:11     | Identified the +4 plate armour of the Queen {MR+} (You
                  | bought it in a shop on level 11 of the Dungeon)
 61315 | Spider:2 | Noticed Asterion
 61558 | Spider:1 | Killed Asterion
 62220 | Spider:2 | Noticed Arachne
 62277 | Spider:1 | Killed Arachne
 64587 | Spider:3 | Found a runed door.
 64589 | Spider:3 | Noticed Muraeff's ghost (journeyman GrBe)
 64960 | Spider:2 | You fall through a shaft!
 65311 | Spider:4 | Entered Level 4 of the Spider Nest
 65622 | Spider:4 | HP: 1/162 [tarantella (8)]
 65622 | Spider:4 | Slain by a tarantella

Skill      XL: |  1  2  3  4  5  6  7  8  9 10 11 12 13 14 15 16 17 18 19 |
---------------+----------------------------------------------------------+-----
Long Blades    | 2 3 4 5 7 8 10 11 13 14 | 14.5
Armour         | 3 4 5 6 7 8 9 10 11 12 13 14 15 | 15.3
Fighting       | 4 5 6 7 9 10 11 12 13 14 15 16 17 | 17.6
Crossbows      | 5 8 10 | 10.8
Shields        | 4 6 8 10 11 13 | 13.2
Evocations     | 4 |  4.2
Charms         | |  0.2

Action                   |  1- 3 |  4- 6 |  7- 9 | 10-12 | 13-15 | 16-18 | 19-21 || total
-------------------------+-------+-------+-------+-------+-------+-------+-------++-------
Melee: Dagger            |    12 |       |       |       |       |       |       ||    12
       Short sword       |    77 |   143 |   245 |       |       |       |       ||   465
       Scimitar          |       |       |   168 |   962 |  1292 |  1721 |   559 ||  4702
       Falchion          |       |       |    15 |       |       |       |       ||    15
       Demon blade       |       |       |       |       |    25 |       |       ||    25
       Rapier            |       |       |       |       |    10 |       |    10 ||    20
 Fire: Hand crossbow     |       |       |       |       |   188 |   334 |   340 ||   862
Throw: Tomahawk          |       |       |     8 |     7 |     4 |       |       ||    19
       Throwing net      |       |       |     1 |       |       |       |       ||     1
       Javelin           |       |       |       |     5 |       |       |       ||     5
Invok: Call Merchant     |       |       |       |     3 |     3 |     1 |     2 ||     9
Evoke: Wand              |       |     1 |     5 |    40 |    10 |     7 |     2 ||    65
       Phantom mirror    |       |       |       |     1 |       |       |       ||     1
  Use: Scroll            |     2 |     3 |     8 |    15 |    18 |    11 |     4 ||    61
 Stab: Distracted        |       |       |     1 |     3 |     7 |     4 |       ||    15
Armor: Scale mail        |     5 |       |       |       |       |       |       ||     5
       Chain mail        |    35 |    90 |    96 |       |       |       |       ||   221
       Leather armour    |       |       |    54 |     6 |       |       |       ||    60
       Plate armour      |       |       |       |   602 |   713 |   632 |   561 ||  2508
Dodge: Dodged            |     9 |    33 |    66 |   164 |   184 |   224 |   210 ||   890
Block: Shield            |    28 |    79 |   167 |   428 |   757 |   964 |   641 ||  3064
       Reflection        |       |       |       |       |    69 |    69 |     8 ||   146
       Rpst.: Scimitar   |       |       |    12 |    40 |    45 |    50 |    33 ||   180
       Falchion          |       |       |     1 |       |       |       |       ||     1
       Demon blade       |       |       |       |       |     1 |       |       ||     1
